 Dungeon Crawl Stone Soup version 0.31-a0-354-g827e0957a7 (webtiles) character file.

Game seed: 7281277110461688293

506 avis the Ruffian (level 7, 0/90 HPs)
             Began as a Hill Orc Shapeshifter on July 24, 2023.
             Was an Initiate of Beogh.
             Succumbed to a gnoll sergeant's poison
             ... on level 4 of the Dungeon.
             The game lasted 00:26:03 (5164 turns).

avis the Ruffian (Hill Orc Shapeshifter)            Turns: 5164, Time: 00:26:04

Health: 0/90       AC: 23    Str: 20    XL:     7   Next: 18%
Magic:  17/18      EV:  2    Int:  8    God:    Beogh [......]
Gold:   57         SH:  0    Dex: 11    Spells: 6/6 levels left

rFire   + . .        b - +2 dagger (venom)
rCold   + . .        (no shield)
rNeg    . . .        t - melded +0 leather armour
rPois   +            z - melded +2 hat
rElec   +            (cloak currently unavailable)
rCorr   +            (gloves currently unavailable)
SInv    .            (boots currently unavailable)
Will    .....        s - amulet of magic regeneration
Stlth   +            x - ring of magical power
HPRegen 0.35/turn    (no ring)
MPRegen 0.56/turn

%: no passive effects
@: lethally poisoned (0 -> -10), tree-form, resistant
A: stationary, stasis, torment immunity, boosted hp
a: Renounce Religion


You were on level 4 of the Dungeon.
You worshipped Beogh.
Beogh was noncommittal.
You were a tree.
You visited 2 branches of the dungeon, and saw 6 of its levels.

You collected 233 gold pieces.
You spent 176 gold pieces at shops.

Inventory:

Hand Weapons
 b - a +2 dagger of venom (weapon)
 d - a +0 spear
Missiles
 r - 9 poisoned darts
 B - a boomerang
Armour
 t - a +0 leather armour (melded)
 z - a +2 hat (melded)
Jewellery
 s - an amulet of magic regeneration (around neck)
 x - a ring of magical power (left branch)
Talismans
 c - a beast talisman
 F - a blade talisman
Wands
 v - a wand of iceblast (11)
Scrolls
 a - a scroll of fog {unknown}
 g - a scroll of blinking
 k - a scroll of silence {unknown}
 l - a scroll of teleportation {unknown}
 w - 2 scrolls of enchant weapon {unknown}
 y - a scroll of acquirement {unknown}
 D - a scroll of torment {unknown}
 G - a scroll of fear {unknown}
Potions
 f - a potion of lignification
 i - 3 potions of might
 m - 2 potions of resistance
 q - a potion of brilliance


   Skills:
 + Level 4.8 Fighting
 - Level 1.5 Dodging
 * Level 7.0 Unarmed Combat
 + Level 2.7 Invocations
 - Level 2.6 Shapeshifting


You had 6 spell levels left.
You didn't know any spells.
Your spell library contained the following spells:

 Spells                   Type           Power      Damage    Failure   Level
 Freeze                   Ice            0%         1d3       41%         1
 Frozen Ramparts          Ice            0%         1d1       78%         3
 Hailstorm                Conj/Ice       0%         3d3       78%         3
 Ozocubu's Armour         Ice            0%         N/A       78%         3
 Metabolic Englaciation   Hex/Ice        0%         N/A       100%        5
 Simulacrum               Ice/Necr       0%         N/A       100%        6


Dungeon Overview and Level Annotations

Branches:
Dungeon (5/15)             Temple (1/1) D:4

Altars:
Ashenzari
Cheibriados
Dithmenos
Elyvilon
Fedhas
Gozag
Kikubaaqudgha
Makhleb
Nemelex Xobeh
Okawaru
Qazlal
Ru
Trog
Vehumet
Wu Jian
Xom
Zin
The Shining One

Shops:
D:3 ?!


Message History

You are more poisoned.
The gnoll hits you but does no damage.
You hit the gnoll sergeant but do no damage.
The gnoll sergeant is heavily wounded.
You feel sick.
The gnoll sergeant hits you with a +1 spear of venom.
* * * LOW HITPOINT WARNING * * *
The gnoll hits you but does no damage.
You hit the gnoll sergeant but do no damage.
The gnoll sergeant looks as sick as possible!
The gnoll sergeant is heavily wounded.
You feel sick.
The gnoll sergeant hits you with a +1 spear of venom.
* * * LOW HITPOINT WARNING * * *
The gnoll hits you but does no damage.
You hit the gnoll sergeant but do no damage.
You punch the gnoll sergeant, but do no damage.
The gnoll sergeant is severely wounded.
You feel sick.
The gnoll sergeant hits you with a +1 spear of venom!
* * * LOW HITPOINT WARNING * * *
You are lethally poisoned!
The gnoll hits you but does no damage.
You feel protected.
* * * LOW HITPOINT WARNING * * *
You feel very sick.
The gnoll sergeant hits you with a +1 spear of venom.
* * * LOW HITPOINT WARNING * * *
The gnoll hits you but does no damage.
You hit the gnoll sergeant but do no damage.
The gnoll sergeant is almost dead.
* * * LOW HITPOINT WARNING * * *
You feel very sick.
You kill the gnoll sergeant!
Beogh accepts your kill. The gnoll hits you but does no damage.
Your Unarmed Combat skill increases to level 7!
You hit the gnoll.
The gnoll is poisoned.
The gnoll is moderately wounded.
You die...

###.### #..#.# #.#
#..##.### #..#.## #.#
.####...####.....# #.#
#..#.............# #.#
#..######..#.#...# #.#
#..#
##.#.#...###########.###
#.##
#...#.......#.........#
#.#
##....#)###.#.#####.#.#
#.# ##.#.g♣#
#.#.#...#.#.# #.#
#.##### #.#)#.#.#.#.#
#.# #.# #.#.#.#.#.#.#
#.# #.# #.#.#.#.#.#.#
#.# #.# #.#.#.#.#.#.#
#.#
#.#######.#.#.#†#.#.#
#.#
#.........#.#.#...#.#
#.#
#########.#.#.#####.#
#.# ###.#.#####.##


You could see a gnoll (very poisoned).

Vanquished Creatures
  Blork the orc (D:5)
  A gnoll sergeant (D:4)
  2 scorpions (D:4)
  A howler monkey (D:4)
  A sleepcap (D:4)
  2 orc wizards (D:4)
  7 adders
  A gnoll (D:4)
  3 dart slugs
  2 orcs
  7 endoplasms
  2 giant cockroaches
  4 goblins
  3 hobgoblins
  8 jackals
  5 kobolds
  5 quokkas
  7 ball pythons
  6 bats
  4 frilled lizards
  5 rats
77 creatures vanquished.

Vanquished Creatures (others)
  An orc priest (D:4)
  An orc (D:4)
2 creatures vanquished.

Grand Total: 79 creatures vanquished

Notes
Turn   | Place    | Note
-------+----------+-------------------------------------------
     0 | D:1      | avis the Hill Orc Shapeshifter began the quest for the Orb.
     0 | D:1      | Reached XP level 1. HP: 16/16 MP: 1/1
   110 | D:1      | Reached XP level 2. HP: 22/23 MP: 2/2
   223 | D:1      | Reached skill level 4 in Unarmed Combat
   389 | D:1      | Reached XP level 3. HP: 29/29 MP: 3/3
  1253 | D:2      | Found a snail-covered altar of Cheibriados.
  1405 | D:2      | Reached XP level 4. HP: 37/37 MP: 4/4
  2103 | D:3      | Found a glowing golden altar of the Shining One.
  2138 | D:3      | Reached skill level 5 in Unarmed Combat
  2146 | D:3      | Found a sparkling altar of Nemelex Xobeh.
  2146 | D:3      | Found an opulent altar of Gozag.
  2146 | D:3      | Found a broken altar of Ashenzari.
  2148 | D:3      | Found a bloodstained altar of Trog.
  2149 | D:3      | Found an iron altar of Okawaru.
  2324 | D:3      | Found Zyguen's Magic Scroll Shop.
  2473 | D:3      | Found Ipaneicu's Distillery.
  2975 | D:3      | Bought a scroll of identify for 22 gold pieces
  3028 | D:3      | Bought a potion of curing for 42 gold pieces
  3028 | D:3      | Bought a potion of heal wounds for 70 gold pieces
  3028 | D:3      | Bought a potion of attraction for 42 gold pieces
  3296 | D:4      | Noticed a scorpion
  3299 | D:4      | Killed a scorpion
  3300 | D:4      | Reached XP level 5. HP: 46/46 MP: 5/5
  3450 | D:4      | Found a staircase to the Ecumenical Temple.
  3461 | D:4      | Reached skill level 6 in Unarmed Combat
  3468 | D:4      | Became a worshipper of Beogh the Brigand
  3656 | D:4      | Reached XP level 6. HP: 25/52 MP: 6/6
  3916 | D:4      | Reached skill level 1 in Invocations
  4753 | Temple   | Entered the Ecumenical Temple
  4794 | D:5      | Entered Level 5 of the Dungeon
  4910 | D:5      | Noticed Blork the orc
  4926 | D:5      | Killed Blork the orc
  4927 | D:5      | Reached XP level 7. HP: 37/60 MP: 8/8
  5163 | D:4      | HP: 3/90 [poisoned by a gnoll sergeant]
  5164 | D:4      | Reached skill level 7 in Unarmed Combat
  5164 | D:4      | Succumbed to a gnoll sergeant's poison

Illustrated notes

Levels and vault maps discovered:
D:1:      amcnicky_arrival_feature_with_door, layout_loops_ring
D:2:      layout_basic, basic_altar
D:3:      layout_loops_corners, general_overflow_altar,
          grunt_temple_overflow_open, serial_shops, nicolae_shop_hallway_plus,
          shop, kennysheep_generic_room_10
D:4:      layout_basic, minmay_temple_entry_junction, grunt_decor_resistance
D:5:      layout_basic, lemuel_mausoleum_altar_yredelemnul,
          nicolae_grassy_gnolls, uniq_blork_the_orc
Temple:   nicolae_temple_slightly_damp_pantheon

Skill      XL: |  1  2  3  4  5  6  7 |
---------------+----------------------+-----
Unarmed Combat | 4 5 6 7 |  7.0
Fighting       | 2 3 4 |  4.8
Invocations    | 2 |  2.7
Dodging        | |  1.5
Shapeshifting  | |  2.6

Action                     |  1- 3 |  4- 6 |  7- 9 || total
---------------------------+-------+-------+-------++-------
  Melee: Unarmed           |   117 |    29 |     1 ||   147
         Punch             |     1 |     1 |     5 ||     7
         Dagger            |     6 |   109 |    23 ||   138
 Invoke: Convert to Beogh  |       |     1 |       ||     1
Ability: Begin Untransform |       |     1 |       ||     1
    Use: Scroll            |       |     8 |     1 ||     9
         Potion            |       |     3 |     5 ||     8
   Stab: Sleeping          |     1 |       |       ||     1
 Armour: Animal skin       |    30 |       |       ||    30
         Leather armour    |     5 |    16 |       ||    21
         Skin              |       |       |    19 ||    19
  Dodge: Dodged            |    76 |    56 |    12 ||   144
   Form: Beast             |       |     1 |       ||     1

Table legend: (Time is in decaauts)
 A = Elapsed time spent in this place.
 B = Non-inter-level travel time spent in this place.
 C = Inter-level travel time spent in this place.
 D = Time resting spent in this place.
 E = Time spent auto-exploring this place.
 F = Levels seen in this place.
 G = Mean time per level.
                   A        B        C        D        E       F      G
               +--------+--------+--------+--------+--------+-----+--------+
         Total |   5145 |   4455 |    690 |    790 |   2736 |   6 |  857.5 |
       Dungeon |   5118 |   4428 |    690 |    779 |   2736 |   5 | 1023.6 |
        Temple |     27 |     27 |      0 |     11 |      0 |   1 |   27.0 |
               +--------+--------+--------+--------+--------+-----+--------+

Top non-repeatable levels by time:
     D:4: 1734 daAuts
     D:3: 1160 daAuts
     D:2: 1116 daAuts
     D:1: 898 daAuts
     D:5: 209 daAuts
  Temple: 27 daAuts
